 Dungeon Crawl Stone Soup version 0.16-a0-747-geaeaf20 (webtiles) character file.

112 Psiweapon the Insei (level 4, -2/23 HPs)
             Began as a Vine Stalker Monk on Sept 23, 2014.
             Killed by divine providence
             ... invoked by an orc priest
              (12 damage)
             ... on Level 4 of the Dungeon.
             The game lasted 00:09:52 (2300 turns).

Psiweapon the Insei (Vine Stalker Monk)             Turns: 2300, Time: 00:09:53

HP  -2/23        AC  6     Str 13      XL: 4   Next: 95%
MP   0/5         EV 14     Int 11      God:
Gold 147         SH  0     Dex 17      Spells:  0 memorised,  3 levels left

rFire  . . .     SeeInvis .       - Unarmed
rCold  . . .     Clarity  .     a - +0 robe
rNeg   . . .     rCorr    .     (no shield)
rPois  .         rRot     +     k - +2 helmet
rElec  .         Spirit   +     (no cloak)
SustAb .         Warding  .     (no gloves)
rMut   .         Stasis   .     i - +0 pair of boots
Gourm  .                        (no amulet)
MR     .....                    (no ring)
                                l - ring of regeneration

@: not resistant to hostile enchantments, fairly stealthy
A: fangs 2, regeneration 1, magic shield, antimagic bite, no device heal 3, rot
immunity
a: no special abilities


You were on level 4 of the Dungeon.
You were not hungry.

You visited 1 branch of the dungeon, and saw 4 of its levels.

You collected 147 gold pieces.

Inventory:

Hand weapons
 r - a +2 short sword of venom
 w - a +0 quarterstaff
Missiles
 d - 36 bolts
Armour
 a - a +0 robe (worn)
 i - a +0 pair of boots (worn)
 k - a +2 helmet (worn)
Comestibles
 b - 3 bread rations
 h - a meat ration
 j - a chunk of rat flesh
 o - 2 chunks of worm flesh
 t - 3 fruits
 x - a rotting chunk of giant gecko flesh
Scrolls
 e - a scroll of immolation {unknown}
 f - a scroll of fear {unknown}
 m - a scroll of random uselessness {unknown}
 n - 2 scrolls of enchant armour {unknown}
 p - 2 scrolls of remove curse
 v - a scroll of identify {unknown}
Jewellery
 l - a ring of regeneration (left hand)
 q - an uncursed amulet of inaccuracy
Potions
 c - a potion of agility {unknown}
 g - 3 potions of curing {unknown}
 s - a potion of resistance {unknown}
 u - a potion of heal wounds {unknown}


   Skills:
 - Level 2.6 Fighting
 + Level 3.4 Dodging
 + Level 4.1 Stealth
 + Level 4.6 Unarmed Combat


You had 3 spell levels left.
You didn't know any spells.

Dungeon Overview and Level Annotations

Branches:
Dungeon (4/15)
 Temple: D:4-7

Altars:
Gozag
Nemelex Xobeh
Qazlal
Xom
Yredelemnul
The Shining One


Innate Abilities, Weirdness & Mutations

You have extremely sharp teeth.
Your natural rate of healing is unusually fast.
When hurt, damage is shared between your health and your magic reserves.
Your bite disrupts and absorbs the magic of your enemies.
Potions and wands cannot restore your health.
You are immune to rotting.


Message History

An orc wizard comes into view.
It is wielding a dagger. 2 orcs and an orc priest come into view.
The orc shouts!
The orc priest shouts!
You hear a shout!
An orc comes into view. It is wielding a falchion.
You punch the orc! Your bite misses the orc.
The orc is severely wounded.
The orc wizard mumbles some strange words.
The orc wizard seems to speed up.
The orc misses you.
You hit the orc.
You kill the orc!
The orc wizard casts a spell.
The orc wizard blinks!
The orc priest invokes the aid of Beogh against you.
Something smites you!
Ouch! That really hurt!
The orc barely misses you.
The orc priest invokes the aid of Beogh against you.
Something smites you!
Ouch! That really hurt!
You die...

# #####o##.#
#..o)o.o.#
#@###.......
#.# #####
###.####
#).....#
#.#.##.#
#.#.##.#
#.#..#.#
#.##.#.#
#....#.#


You could see an orc priest, an orc wizard and 2 orcs.

Vanquished Creatures
  A worker ant (D:4)
  An adder (D:2)
  A worm (D:3)
  6 giant geckos
  2 oozes
  4 orcs
  4 giant cockroaches
  8 goblins
  8 hobgoblins
  A ball python (D:2)
  12 bats
  2 giant newts
  4 kobolds
  11 rats
65 creatures vanquished.

Notes
Turn   | Place    | Note
--------------------------------------------------------------
     0 | D:1      | Psiweapon, the Vine Stalker Monk, began the quest for the Orb.
     0 | D:1      | Reached XP level 1. HP: 11/11 MP: 1/1
   265 | D:1      | Reached XP level 2. HP: 10/16 MP: 3/3
   616 | D:1      | Found a glowing golden altar of the Shining One.
   793 | D:1      | Reached XP level 3. HP: 19/19 MP: 4/4
  1507 | D:3      | Found an opulent altar of Gozag.
  1507 | D:3      | Found a sparkling altar of Nemelex Xobeh.
  1541 | D:3      | Reached XP level 4. HP: 19/23 MP: 5/5
  1735 | D:3      | Found a basalt altar of Yredelemnul.
  1865 | D:3      | Found a shimmering altar of Xom.
  2133 | D:3      | Found a stormy altar of Qazlal.
  2300 | D:4      | Killed from afar by an orc priest

Action                   |  1- 3 |  4- 6 || total
-------------------------+-------+-------++-------
Melee: Unarmed           |   121 |    77 ||   198
  Use: Scroll            |     1 |       ||     1
 Stab: Sleeping          |     5 |     4 ||     9
  Eat: Chunk             |     2 |     3 ||     5
